 Dungeon Crawl Stone Soup version 0.28.0-53-g5a82cb258f (webtiles) character file.

Game seed: 1915143291378288853

2351 Ijustatesigmund the Stinger (level 9, 0/56 HPs)
             Began as an Octopode Venom Mage on July 18, 2022.
             Slain by an orc warrior
             ... wielding a +0 scimitar
              (15 damage)
             ... on level 4 of the Dungeon.
             The game lasted 00:20:58 (7322 turns).

Ijustatesigmund the Stinger (Octopode Venom Mage)   Turns: 7322, Time: 00:20:58

Health: 0/56       AC: 10    Str:  7    XL:     9   Next: 43%
Magic:  11/14      EV: 14    Int: 27    God:
Gold:   293        SH:  5    Dex: 19    Spells: 9/15 levels left

rFire   . . .      SeeInvis .   c - +3 mace (protect)
rCold   . . .      Faith    .   f - +0 buckler of Negation {rN++ rCorr}
rNeg    + + .      Spirit   .   d - +2 hat
rPois   +          Reflect  .   m - amulet of regeneration
rElec   .          Harm     .   b - +6 ring of dexterity
rCorr   +          Rampage  .   e - +6 ring of intelligence
Will    .....                   i - ring of poison resistance
Stlth   +++.......              (no ring)
HPRegen 0.98/turn               (no ring)
MPRegen 0.14/turn               (no ring)
                                (no ring)
                                (no ring)

@: under a protective aura
A: almost no armour, amphibious, 8 rings, camouflage 1, gelatinous body 1,
(nimble swimmer 1), tentacles
a: no special abilities


You were on level 4 of the Dungeon.
You visited 1 branch of the dungeon, and saw 6 of its levels.

You collected 293 gold pieces.

Inventory:

Hand Weapons
 c - a +3 mace of protection (weapon)
Missiles
 p - 7 curare-tipped darts (quivered)
Armour
 d - a +2 hat (worn)
 f - the +0 buckler of Negation (worn) {rN++ rCorr}
   (You acquired it on level 2 of the Dungeon)

   rN:        It greatly protects you from negative energy.
   rCorr:     It protects you from acid and corrosion.
Jewellery
 b - a +6 ring of dexterity (left tentacle)
 e - a +6 ring of intelligence (right tentacle)
 i - a ring of poison resistance (on tentacle)
 m - an amulet of regeneration (around mantle)
Wands
 j - a wand of charming (4)
Scrolls
 h - a scroll of immolation
 k - a scroll of enchant weapon
 l - 2 scrolls of teleportation
Potions
 a - a potion of attraction
 g - 5 potions of curing
 n - a potion of heal wounds
 o - a potion of flight {unknown}


   Skills:
 - Level 3.0 Fighting
 - Level 2.5 Maces & Flails
 - Level 3.8 Dodging
 - Level 2.6 Stealth
 - Level 2.0 Shields
 - Level 3.6 Spellcasting
 + Level 5.3 Conjurations
 + Level 5.2 Transmutations
 + Level 5.3 Air Magic
 - Level 5.8 Poison Magic


You had 9 spell levels left.
You knew the following spells:

 Your Spells              Type           Power      Damage    Failure   Level
a - Sting                 Tmut/Pois      100%       1d8       1%          1
b - Poisonous Vapours     Pois/Air       70%        N/A       1%          2
c - Mephitic Cloud        Conj/Pois/Air  34%        N/A       3%          3

Your spell library contained the following spells:

 Spells                   Type           Power      Damage    Failure   Level
 Corpse Rot               Necr/Air       38%        N/A       5%          2
 Olgreb's Toxic Radiance  Pois           36%        N/A       10%         4
 Summon Cactus Giant      Summ           2%         N/A       100%        6
 Summon Horrible Things   Summ           2%         N/A       100%        8


Dungeon Overview and Level Annotations

Branches:
Dungeon (6/15)
 Temple: D:4-7

Altars:
Hepliaklqana
Nemelex Xobeh


Innate Abilities, Weirdness & Mutations

You cannot wear most types of armour.
You are amphibious.
You can wear up to eight rings at the same time.
Your skin changes colour to match your surroundings (Stealth+).
Your rubbery body absorbs attacks. (AC +1, EV +1)
((You are camouflaged when in or above water. (Stealth+)))
You have tentacles for arms and can constrict up to eight enemies at once.


Message History

Confirm with . or Enter, or press ? or * to list all spells.
Aiming: Sting (safe; 1% risk of failure)
Press: ? - help, Shift-Dir - straight line, f/p - orc warrior
Aim: an orc warrior, wielding a +0 scimitar and wearing a +0 plate armour (moderately wounded, constricted by you, poisoned, 100% to hit)
The sting hits the orc warrior.
The orc warrior looks even sicker.
The orc warrior is heavily wounded.
You constrict the orc warrior, but do no damage.
The orc warrior completely misses you.
Casting: Sting (safe; 1% risk of failure)
Confirm with . or Enter, or press ? or * to list all spells.
Aiming: Poisonous Vapours (safe; 1% risk of failure)
Press: ? - help, Dir - move target, f/p - orc warrior
Aim: an orc warrior, wielding a +0 scimitar and wearing a +0 plate armour (heavily wounded, constricted by you, very poisoned) Poisonous vapours surround the orc warrior!
The orc warrior looks as sick as possible!
You constrict the orc warrior, but do no damage.
The orc warrior hits you with a +0 scimitar.
You are too injured to fight recklessly!
You are too injured to fight recklessly!
Unknown command.
You barely miss the orc warrior.
You squeeze the orc warrior, but do no damage.
The orc warrior is heavily wounded.
You constrict the orc warrior, but do no damage.
You block the orc warrior's attack.
You hit the orc warrior but do no damage.
Your squeeze misses the orc warrior.
The orc warrior is heavily wounded.
You constrict the orc warrior.
The orc warrior hits you with a +0 scimitar!!
* * * LOW HITPOINT WARNING * * *
Unknown command.
You feel better.
You constrict the orc warrior, but do no damage.
The orc warrior barely misses you.
You hit the orc warrior.
The orc warrior is severely wounded.
You constrict the orc warrior, but do no damage.
The orc warrior hits you with a +0 scimitar!
You die...

.. ### ... # .. ....
###... ..# .#..###. ..#
...## ........##.#
....... #..........###
##.......
#......#.....###........
#o@)###..##........
##..###>.......##.#
##........#..###.#
#.$###.....##....
#..$............##....
#..#.....#####...#.... #
#.#.#.#####......(.
#...#..............
.......##.#.###....


You could see an orc warrior (very poisoned).

Vanquished Creatures
  Prince Ribbit (D:6)
  A troll (D:6)
  Grinder (D:5)
  Menkaure (D:4)
  A water moccasin (D:5)
  An ice beast (D:5)
  A sky beast (D:6)
  3 ogres
  A kobold brigand (D:6)
  2 phantoms
  3 bullfrogs (D:6)
  A water moccasin zombie (D:5)
  A water moccasin skeleton (D:4)
  2 hounds
  A gnoll shaman (D:5)
  4 orc priests
  A centaur skeleton (D:5)
  2 iguanas
  12 gnolls
  A howler monkey skeleton (D:6)
  5 adders
  2 shadow imps (D:6)
  A white imp (D:5)
  An ufetubus (D:5)
  2 adder skeletons (D:5)
  5 worms
  3 dart slugs
  5 orcs
  5 ball pythons
  3 bats
  5 endoplasms
  A giant cockroach (D:2)
  8 goblins
  3 hobgoblins
  9 jackals
  4 quokkas
  3 frilled lizards
  9 kobolds
  4 rats
119 creatures vanquished.

Notes
Turn   | Place    | Note
-------+----------+-------------------------------------------
     0 | D:1      | Ijustatesigmund the Octopode Venom Mage began the quest for
                  | the Orb.
     0 | D:1      | Reached XP level 1. HP: 11/11 MP: 3/3
   137 | D:1      | Reached XP level 2. HP: 17/17 MP: 0/5
   190 | D:1      | Learned a level 2 spell: Poisonous Vapours
  1005 | D:2      | Reached XP level 3. HP: 20/21 MP: 4/6
  1048 | D:2      | Learned a level 3 spell: Mephitic Cloud
  1121 | D:2      | Reached skill level 1 in Air Magic
  1279 | D:2      | Identified a scroll of acquirement
  1279 | D:2      | Acquired the +0 buckler of Negation {rN++ rCorr}
  1321 | D:2      | Reached skill level 1 in Conjurations
  1417 | D:2      | Reached XP level 4. HP: 23/27 MP: 4/7
  1835 | D:3      | Noticed an ogre
  1851 | D:3      | Reached skill level 1 in Shields
  2000 | D:3      | Killed an ogre
  2001 | D:3      | Reached XP level 5. HP: 7/31 MP: 1/8
  2346 | D:3      | Noticed an ogre
  2711 | D:3      | Killed an ogre
  2712 | D:3      | Reached XP level 6. HP: 37/37 MP: 3/9
  2982 | D:3      | Found a faded altar of an unknown god.
  3565 | D:4      | Reached skill level 1 in Fighting
  3748 | D:4      | Noticed an orc warrior
  3999 | D:3      | Reached XP level 7. HP: 32/43 MP: 5/10
  4387 | D:4      | Noticed Menkaure
  4822 | D:5      | Entered Level 5 of the Dungeon
  5089 | D:5      | Reached skill level 5 in Poison Magic
  5314 | D:5      | Reached skill level 1 in Maces & Flails
  5322 | D:5      | Reached XP level 8. HP: 50/50 MP: 12/12
  5667 | D:5      | Noticed Grinder
  5687 | D:5      | Paralysed by Grinder for 6 turns
  5694 | D:5      | Killed Grinder
  6128 | D:6      | Noticed a troll
  6133 | D:6      | Killed a troll
  6367 | D:6      | Got Siobus's Almanac of Venomous Creation
  6431 | D:6      | Reached XP level 9. HP: 24/56 MP: 12/14
  6513 | D:6      | Noticed Prince Ribbit
  6528 | D:6      | Killed Prince Ribbit
  6529 | D:6      | Reached skill level 5 in Conjurations
  6537 | D:6      | Reached skill level 5 in Air Magic
  6781 | D:6      | Reached skill level 5 in Transmutations
  6903 | D:6      | Found a hazy altar of Hepliaklqana.
  6903 | D:6      | Found a sparkling altar of Nemelex Xobeh.
  7263 | D:4      | Killed Menkaure
  7322 | D:4      | Slain by an orc warrior

Illustrated notes

Levels and vault maps discovered:
D:1:      dpeg_arrival_line_fractal, layout_rooms, minmay_tiny_reverse_x
D:2:      layout_basic
D:3:      layout_basic, dreamdust_ecumenical_altar_statues
D:4:      layout_rooms, serial_curves, eino_curves_02, eino_curves_01,
          minmay_misc_feat_enclosed, nrook_mini_vaults, uniq_menkaure
D:5:      layout_loops_cross, uniq_grinder
D:6:      layout_loops_ring, gammafunk_temple_overflow_statue,
          uniq_prince_ribbit1

Skill      XL: |  1  2  3  4  5  6  7  8  9 |
---------------+----------------------------+-----
Transmutations | 2 3 4 5 |  5.2
Poison Magic   | 4 5 |  5.8
Air Magic      | 1 2 3 4 5 |  5.3
Conjurations   | 1 2 3 4 5 |  5.3
Shields        | 2 |  2.0
Fighting       | 1 2 3 |  3.0
Dodging        | 3 |  3.8
Maces & Flails | 1 2 |  2.5
Spellcasting   | 3 |  3.6
Stealth        | |  2.6

Action                   |  1- 3 |  4- 6 |  7- 9 || total
-------------------------+-------+-------+-------++-------
Melee: Dagger            |    10 |       |       ||    10
       Unarmed           |     3 |       |       ||     3
       Constrict         |     9 |    11 |    33 ||    53
       Tentacles         |     6 |    11 |    40 ||    57
       Mace              |    16 |    44 |   174 ||   234
       Punch             |       |       |     2 ||     2
Throw: Dart              |       |       |     1 ||     1
 Cast: Sting             |    14 |    11 |    22 ||    47
       Poisonous Vapours |    14 |    31 |    38 ||    83
       Mephitic Cloud    |       |     1 |     8 ||     9
  Use: Scroll            |     5 |     3 |     5 ||    13
       Potion            |       |     1 |     2 ||     3
 Stab: Sleeping          |       |     3 |       ||     3
       Distracted        |       |       |     1 ||     1
Armor: Skin              |     1 |     6 |    46 ||    53
Dodge: Dodged            |    15 |    17 |    91 ||   123
Block: Buckler           |     1 |    10 |    42 ||    53
